cohdb
Replays
Latest Replays
All Replays
Popular Replays
Top Player Replays
Match Explorer
How It Works
Community
CoH3 Stats
Reddit
Sign in to upload your games and track your stats! →
Sign in with Steam
Match 38635791
Unlisted
Match 38635791
Overview
Messages
Build Orders
End
Selects Italian Combined Arms Battlegroup
Selects Bersaglieri Squad
Bersaglieri Squad
Panzerpioneer Squad
Bersaglieri Squad
Construct Light Support Kompanie
Bersaglieri Squad
Forward Retreat Point
2.5-tonne Medical Truck
Bersaglieri Squad
Fire Support Elements
UH|dun! ツ
barillon.c
TonGGien
Svenious Jakobus (GB)
robot_kc
ILuvSilicon
0
0
Comments
sign in to comment!
No comments posted yet!